 Dungeon Crawl Stone Soup version 0.28-a0-1395-g4f6bc678fa (webtiles) character file.

Game seed: 6863690595788187347

32 wakim the Insei (level 3, 0/24 HPs)
             Began as an Octopode Transmuter on Jan 5, 2022.
             Succumbed to an adder's poison
             ... on level 2 of the Dungeon.
             The game lasted 00:05:26 (1423 turns).

wakim the Insei (Octopode Transmuter)               Turns: 1423, Time: 00:05:27

Health: 0/24       AC:  1    Str:  9    XL:     3   Next: 27%
Magic:  5/6        EV: 13    Int: 17    God:
Gold:   55         SH:  0    Dex: 12    Spells: 2/6 levels left

rFire   . . .      SeeInvis .     - Unarmed
rCold   . . .      Faith    .   (no shield)
rNeg    . . .      Spirit   .   (helmet currently unavailable)
rPois   .          Reflect  .   (no amulet)
rElec   .          Harm     .   (no ring)
rCorr   .          Rampage  .   (no ring)
Will    .....                   (no ring)
Stlth   ++........              (no ring)
HPRegen 0.08/turn               (no ring)
MPRegen 0.10/turn               (no ring)
                                (no ring)
                                (no ring)

@: lethally poisoned (0 -> -13), appendages
A: tentacle spike 3, almost no armour, amphibious, 8 rings, camouflage 1,
gelatinous body 1, (nimble swimmer 1), tentacles
a: End Transformation


You were on level 2 of the Dungeon.
One of your tentacles had grown a beastly spike.
You visited 1 branch of the dungeon, and saw 2 of its levels.

You collected 55 gold pieces.

Inventory:

Hand Weapons
 b - a +0 hunting sling
Missiles
 c - 35 sling bullets
Scrolls
 T - a scroll of teleportation
 U - a scroll of enchant weapon {unknown}


   Skills:
 + Level 1.8 Fighting
 - Level 2.0 Dodging
 + Level 3.4 Unarmed Combat
 - Level 2.0 Spellcasting
 * Level 2.7 Transmutations


You had 2 spell levels left.
You knew the following spells:

 Your Spells              Type           Power      Damage    Failure   Level
a - Beastly Appendage     Tmut           20%        N/A       6%          1
x - Spider Form           Tmut/Pois      6%         N/A       32%         3

Your spell library contained the following spells:

 Spells                   Type           Power      Damage    Failure   Level
 Wereblood                Tmut           10%        N/A       10%         2
 Ice Form                 Ice/Tmut       6%         N/A       73%         4


Dungeon Overview and Level Annotations

Branches:
Dungeon (2/15)

Altars:

Shops:
D:1 (


Innate Abilities, Weirdness & Mutations

One of your tentacles has grown a beastly spike.
You cannot wear most types of armour.
You are amphibious.
You can wear up to eight rings at the same time.
Your skin changes colour to match your surroundings (Stealth+).
Your rubbery body absorbs attacks. (AC +1, EV +1)
((You are camouflaged when in or above water. (Stealth+)))
You have tentacles for arms and can constrict up to eight enemies at once.


Message History

Confirm with . or Enter, or press ? or * to list all spells.
One of your tentacles grows a vicious spike.
Fire: 36 sling bullets
Press: ? - help, Q - select action, (/) - cycle Shift-Dir - straight line, f/p - adder
Aim: an adder (lightly wounded, 35% to hit)
You shoot a sling bullet. The sling bullet misses the adder.
The adder misses you.
You are now empty-tentacled.
You miss the adder. Your grab misses the adder.
The adder is lightly wounded.
The adder bites you. The adder barely misses you.
You miss the adder. Your grab misses the adder.
The adder is lightly wounded.
The adder bites you.
You are poisoned.
The adder poisons you!
You tentacle-slap the adder. Your grab misses the adder.
Your squeeze misses the adder.
The adder is moderately wounded.
You feel sick. The adder bites you.
* * * LOW HITPOINT WARNING * * *
You are more poisoned.
The adder poisons you!
You tentacle-slap the adder but do no damage.
You grab the adder.
The adder is moderately wounded.
You constrict the adder.
You feel sick. The adder bites you.
* * * LOW HITPOINT WARNING * * *
You tentacle-slap the adder. Your squeeze misses the adder.
The adder is heavily wounded.
You constrict the adder, but do no damage.
* * * LOW HITPOINT WARNING * * *
You feel sick. The adder barely misses you. The adder bites you.
* * * LOW HITPOINT WARNING * * *
You are more poisoned.
The adder poisons you!
You tentacle-slap the adder.
The adder is heavily wounded.
You constrict the adder.
You die...

#.##.#.###### #.##.#.# #
#.##.#.# .#####
#.##.#.## ####.....#
#.##....## ##.........
#.##.###.####...##
#.#.## ##.##.###.# #.#.#
#....# #.# #.#.##
##@##.###.####.##
#.##.###..S...(..S......
#.###§.<#####...####S###
#.####### ##.## #.#
#.......# #.# #.# ###
#######.# #.# #.# #..
#.# #.# #.# #.# #.# #.#
#.# #.# #.# #.# #.# #.#


You could see an adder.

Vanquished Creatures
  A dart slug (D:1)
  A ball python (D:1)
  2 endoplasms (D:1)
  2 giant cockroaches (D:1)
  3 hobgoblins (D:1)
  3 jackals
  2 kobolds (D:1)
  A quokka (D:1)
  5 bats
  3 frilled lizards (D:1)
  2 goblins (D:1)
  4 rats (D:1)
29 creatures vanquished.

Notes
Turn   | Place    | Note
-------+----------+-------------------------------------------
     0 | D:1      | wakim the Octopode Transmuter began the quest for the Orb.
     0 | D:1      | Reached XP level 1. HP: 13/13 MP: 3/3
   259 | D:1      | Found Kumnypt's Weapon Emporium.
   285 | D:1      | Reached XP level 2. HP: 18/18 MP: 3/5
   299 | D:1      | !bestwep
   993 | D:1      | Reached XP level 3. HP: 24/24 MP: 6/6
   998 | D:1      | Learned a level 3 spell: Spider Form
  1423 | D:2      | Succumbed to an adder's poison

Illustrated notes

.....≈≈≈.............#
.....≈≈≈.............#
...(≈≈≈≈≈............###########
≈≈≈≈≈≈≈≈≈≈≈≈≈≈≈≈≈≈≈≈...........#+
≈≈≈≈.....≈≈≈≈≈≈≈≈≈...####).####≈.
≈≈≈≈.....≈≈≈≈≈≈≈.....# #.†###≈≈.
≈≈≈...<...≈≈≈≈.......# #..#.'..∩
.≈≈.......≈≈.........# #....#≈≈.
.≈≈≈.....≈≈≈....@....#####.##.#≈.
.≈≈≈≈≈≈≈≈≈≈≈......>........##.##+
≈≈≈≈≈≈.≈≈≈≈≈≈..............##.#
≈≈≈≈≈...≈≈≈≈≈..............##..
≈≈≈.......≈≈≈≈...........?.####
≈...........≈≈.............#
.(............≈............+
.....#..#...............$..#
.....#..#..................#


Turn 299 on D:1: !bestwep

Levels and vault maps discovered:
D:1:      onia_arrival_pentagram, layout_basic, serial_shops,
          nicolae_shop_hallway_plus, st_stairs_4
D:2:      layout_loops_ring, hellmonk_ecumenical_altar_inner_sanctum

Action                   || total
-------------------------++-------
Melee: Unarmed           ||    65
       Constrict         ||    19
       Tentacles         ||    15
       Kick              ||     8
 Fire: Hunting sling     ||     2
 Cast: Beastly Appendage ||    13
       Spider Form       ||     1
  Use: Scroll            ||     3
 Stab: Sleeping          ||     1
Armor: Skin              ||     8
Dodge: Dodged            ||    44

Table legend: (Time is in decaauts)
 A = Elapsed time spent in this place.
 B = Non-inter-level travel time spent in this place.
 C = Inter-level travel time spent in this place.
 D = Time resting spent in this place.
 E = Time spent auto-exploring this place.
 F = Levels seen in this place.
 G = Mean time per level.
                   A        B        C        D        E       F      G
               +--------+--------+--------+--------+--------+-----+--------+
         Total |   1421 |   1348 |     73 |    297 |    398 |   2 |  710.5 |
       Dungeon |   1421 |   1348 |     73 |    297 |    398 |   2 |  710.5 |
               +--------+--------+--------+--------+--------+-----+--------+

Top non-repeatable levels by time:
     D:1: 1247 daAuts
     D:2: 173 daAuts
